 Dungeon Crawl Stone Soup version 0.27-a0-1232-gc6a4cbde82 (webtiles) character file.

Game seed: 2351827853336358124

1283 mordus the Frost Mage (level 8, -1/57 HPs)
             Began as a Black Draconian Ice Elementalist on June 8, 2021.
             Slain by Edmund
             ... wielding a +1 dire flail of venom
              (7 damage)
             ... on level 5 of the Dungeon.
             The game lasted 00:16:55 (5924 turns).

mordus the Frost Mage (DrIE)                        Turns: 5924, Time: 00:16:57

Health: -1/57      AC: 15    Str: 12    XL:     8   Next: 29%
Magic:  9/15       EV: 12    Int: 17    God:
Gold:   355        SH:  0    Dex: 11    Spells: 9/16 levels left

rFire    . . .     SeeInvis .   r - +2 dagger (flame)
rCold    . . .     Faith    .   (no shield)
rNeg     . . .     Spirit   .   (armour unavailable)
rPois    .         Reflect  .   t - +2 hat
rElec    +         Harm     .   (no cloak)
rCorr    .         Rampage  .   (no gloves)
Will     .....                  (no boots)
Stlth    +.........             (no amulet)
HPRegen  0.19/turn              (no ring)
MPRegen  0.14/turn              (no ring)

@: lethally poisoned (-1 -> -14), lit by a corona, ice-armoured, short of
breath, freezing walls, glowing
A: breathe lightning, AC +6, unfitting armour, electricity resistance,
cold-blooded
a: Breathe Lightning


You were on level 5 of the Dungeon.
You visited 1 branch of the dungeon, and saw 5 of its levels.

You collected 355 gold pieces.

Inventory:

Hand Weapons
 a - a +0 club
 c - a +0 dagger
 o - a +2 dagger of pain
 r - a +2 dagger of flaming (weapon)
Armour
 j - a +0 buckler
 t - a +2 hat (worn)
Jewellery
 n - an amulet of guardian spirit
 w - an amulet of faith
Wands
 l - a wand of paralysis (7)
 q - a wand of mindburst (7)
Scrolls
 b - a scroll of amnesia {unknown}
 d - 2 scrolls of magic mapping {unknown}
 e - 3 scrolls of identify {unknown}
 g - 2 scrolls of enchant weapon {unknown}
 i - a scroll of fear {unknown}
 k - a scroll of summoning {unknown}
 p - a scroll of silence {unknown}
 v - 2 scrolls of teleportation {unknown}
 x - a scroll of noise {unknown}
 y - a scroll of vulnerability {unknown}
Potions
 f - 2 potions of curing {unknown}
 h - a potion of haste {unknown}
 m - 2 potions of heal wounds {unknown}
 s - a potion of brilliance {unknown}
 u - a potion of might {unknown}


   Skills:
 - Level 1.7 Dodging
 - Level 1.7 Stealth
 + Level 4.7 Spellcasting
 - Level 2.0 Necromancy
 * Level 9.5 Ice Magic


You had 9 spell levels left.
You knew the following spells:

 Your Spells              Type           Power      Damage    Failure   Level
a - Freeze                Ice            100%       1d11      1%          1
b - Frozen Ramparts       Ice            72%        1d9       1%          3
c - Ozocubu's Armour      Ice            36%        N/A       1%          3

Your spell library contained the following spells:

 Spells                   Type           Power      Damage    Failure   Level
 Beastly Appendage        Tmut           8%         N/A       14%         1
 Hailstorm                Conj/Ice       20%        3d6       21%         4
 Ice Form                 Ice/Tmut       20%        N/A       21%         4
 Wereblood                Tmut           4%         N/A       22%         2
 Confusing Touch          Hex            4%         N/A       41%         3
 Gell's Gravitas          Tloc           2%         N/A       41%         3
 Spider Form              Tmut/Pois      2%         N/A       41%         3
 Metabolic Englaciation   Hex/Ice        10%        N/A       50%         5
 Petrify                  Tmut/Erth      4%         N/A       82%         4
 Hydra Form               Tmut           2%         N/A       99%         5
 Yara's Violent Unravell  Hex/Tmut       2%         3d3       99%         5


Dungeon Overview and Level Annotations

Branches:
Dungeon (5/15)
 Temple: D:4-7

Altars:
Zin

Annotations:
D:5 Edmund


Innate Abilities, Weirdness & Mutations

You can breathe wild blasts of lightning.
Your glossy black scales are hard. (AC +6)
You cannot fit into any form of body armour.
You are resistant to electric shocks. (rElec)
You are cold-blooded and may be slowed by cold attacks.


Message History

The wall freezes the gnoll shaman.
The gnoll shaman hits you but does no damage.
The wall freezes the gnoll.
The gnoll closely misses you.
Casting: Frozen Ramparts (safe; 1% risk of failure)
Confirm with . or Enter, or press ? or * to list all spells.
A film of ice covers your body!
The wall freezes the gnoll.
The gnoll closely misses you.
The wall freezes the gnoll shaman!
You kill the gnoll shaman!
The wall freezes the gnoll.
The gnoll hits you but does no damage.
You breathe a wild blast of lightning!
The orb of electricity explodes!
You hear a mighty clap of thunder!
The bolt of lightning hits you. You resist.
The orb of electricity explodes!
The orb of electricity engulfs you! You resist.
The orb of electricity engulfs the gnoll!!
You kill the gnoll!
The orb of electricity engulfs the gnoll!!
You kill the gnoll!
You hear an angry hiss.
You hear a shout!
You hear an angry hiss.
The wall freezes Edmund!
The wall freezes the gnoll.
The wall freezes Edmund.
Edmund hits you with a +1 dire flail of venom.
You are poisoned.
The wall freezes the gnoll!
The gnoll hits you with a +0 whip!
* * * LOW HITPOINT WARNING * * *
You hit Edmund but do no damage.
Your tail-slap misses Edmund.
Edmund is moderately wounded.
You feel very sick.
The wall freezes Edmund.
Edmund hits you with a +1 dire flail of venom.
* * * LOW HITPOINT WARNING * * *
You are lethally poisoned!
The wall freezes the gnoll!
You kill the gnoll!
You hit Edmund but do no damage.
Edmund is moderately wounded.
* * * LOW HITPOINT WARNING * * *
You feel very sick.
The wall freezes Edmund!
Edmund hits you with a +1 dire flail of venom!
You die...

### ##. ##..
.... #... #...
###... #...
..!.. #..# ....#
#...#..# PP...#
#.#..# . P.P..#
##@@#
..P♣PP..####))##
..PPPP...##.)##
.........#..##
⌠..........##
............##
..PPPP..##...##
P.P..####..##
♣.P..# ##..###


You could see Edmund.

Vanquished Creatures
  Pikel (D:4)
  Sigmund (D:4)
  Menkaure (D:4)
  A lemure (D:4)
  A scorpion (D:5)
  A bullfrog zombie (D:5)
  A hound (D:4)
  A gnoll shaman (D:5)
  2 orc priests
  A jelly (D:4)
  Ijyb (D:4)
  2 orc wizards (D:3)
  A hound skeleton (D:4)
  7 adders
  4 gnolls (D:5)
  2 ufetubi (D:4)
  2 dart slugs
  12 orcs
  5 bats
  8 endoplasms
  2 giant cockroaches
  8 goblins
  4 hobgoblins
  13 jackals
  6 quokkas
  5 ball pythons
  2 frilled lizards
  A kobold (D:1)
  9 rats
105 creatures vanquished.

Vanquished Creatures (others)
  A bush (D:5)
  3 fungi (D:1)
  9 plants (D:1)
  4 toadstools (D:1)
17 creatures vanquished.

Grand Total: 122 creatures vanquished

Notes
Turn   | Place    | Note
-------+----------+-------------------------------------------
     0 | D:1      | mordus the Draconian Ice Elementalist began the quest for
                  | the Orb.
     0 | D:1      | Reached XP level 1. HP: 14/14 MP: 3/3
   443 | D:1      | Reached XP level 2. HP: 20/20 MP: 5/5
   904 | D:1      | Reached skill level 5 in Ice Magic
   959 | D:1      | Reached XP level 3. HP: 19/26 MP: 6/6
   963 | D:1      | Learned a level 3 spell: Frozen Ramparts
  1760 | D:2      | Found a glowing silver altar of Zin.
  1801 | D:2      | Found a faded altar of an unknown god.
  2356 | D:3      | Reached XP level 4. HP: 21/33 MP: 3/7
  2854 | D:3      | Reached skill level 6 in Ice Magic
  3161 | D:3      | Reached XP level 5. HP: 24/38 MP: 2/8
  3179 | D:3      | Learned a level 3 spell: Ozocubu's Armour
  3687 | D:4      | Reached skill level 1 in Necromancy
  3687 | D:4      | Reached skill level 7 in Ice Magic
  3703 | D:4      | Noticed Ijyb
  3715 | D:4      | Reached XP level 6. HP: 34/45 MP: 5/9
  3715 | D:4      | Killed Ijyb
  3843 | D:4      | Noticed Sigmund
  3869 | D:4      | Killed Sigmund
  4106 | D:4      | Noticed Pikel
  4125 | D:4      | HP: 2/45 [something (2)]
  4125 | D:4      | Killed Pikel
  4126 | D:4      | Reached skill level 8 in Ice Magic
  4126 | D:4      | Your scales start taking on a glossy black colour.
  4126 | D:4      | Reached XP level 7. HP: 3/50 MP: 2/13
  4126 | D:4      | Gained mutation: You are resistant to electric shocks.
                  | (rElec) [Black Draconian growth]
  4794 | D:4      | Noticed Menkaure
  4830 | D:4      | Killed Menkaure
  4831 | D:4      | Reached skill level 9 in Ice Magic
  4831 | D:4      | Reached XP level 8. HP: 45/57 MP: 11/14
  5251 | D:5      | Entered Level 5 of the Dungeon
  5907 | D:5      | Noticed Edmund
  5924 | D:5      | Slain by Edmund

Illustrated notes

Levels and vault maps discovered:
D:1:      evilmike_arrival_crescent, layout_basic, serial_bayou,
          serial_bayou_pond_c, serial_bayou_pond_b, serial_bayou_shore_a,
          serial_bayou_shore_b, minmay_gold_behind_fungi
D:2:      layout_basic, hellmonk_ecumenical_altar_dog_temple, basic_altar,
          minmay_tetromino_o2
D:3:      layout_rooms, hangedman_abyss_or_decor_lesser_grid,
          grunt_ministairs_11
D:4:      layout_gridville, uniq_sigmund, uniq_ijyb, uniq_pikel, uniq_menkaure
D:5:      layout_cave_pods, serial_park, serial_park_tiny_1,
          serial_park_square2, portal_sewer_entry_d, minivault_1, uniq_edmund

Skill      XL: |  1  2  3  4  5  6  7 |
---------------+----------------------+-----
Ice Magic      | 5 6 7 8 9 |  9.5
Necromancy     | 1 2 |  2.0
Spellcasting   | 4 |  4.7
Dodging        | |  1.7
Stealth        | |  1.7

Action                   |  1- 3 |  4- 6 |  7- 9 || total
-------------------------+-------+-------+-------++-------
Melee: Unarmed           |    15 |       |       ||    15
       Club              |    58 |       |       ||    58
       Tailslap          |    10 |     9 |     7 ||    26
       Dagger            |    48 |    85 |    79 ||   212
 Cast: Freeze            |    10 |     2 |     1 ||    13
       Frozen Ramparts   |     6 |    13 |     3 ||    22
       Ozocubu's Armour  |       |     2 |     1 ||     3
 Abil: Breathe Lightning |       |       |     2 ||     2
 Stab: Sleeping          |     2 |     2 |     2 ||     6
Armor: Skin              |    58 |    34 |    33 ||   125
Dodge: Dodged            |   119 |    71 |    48 ||   238

Table legend: (Time is in decaauts)
 A = Elapsed time spent in this place.
 B = Non-inter-level travel time spent in this place.
 C = Inter-level travel time spent in this place.
 D = Time resting spent in this place.
 E = Time spent auto-exploring this place.
 F = Levels seen in this place.
 G = Mean time per level.
                   A        B        C        D        E       F      G
               +--------+--------+--------+--------+--------+-----+--------+
         Total |   5962 |   5842 |    120 |   1031 |   3710 |   5 | 1192.4 |
       Dungeon |   5962 |   5842 |    120 |   1031 |   3710 |   5 | 1192.4 |
               +--------+--------+--------+--------+--------+-----+--------+

Top non-repeatable levels by time:
     D:4: 1837 daAuts
     D:1: 1724 daAuts
     D:3: 1038 daAuts
     D:2: 690 daAuts
     D:5: 672 daAuts
